Newt, chaotic male elven Priest ----- ######-.... # |..<| ### #@.f.| s----- Newt the Acolyte Experience level: 5 Strength: 13 Dexterity: 9 Constitution: 14 Intelligence: 9 Wisdom: 20 Charisma: 10 Health: 0(28) Energy: 72(72) Def: 3 Gold: 1533 Moves: 2238 Dungeon seed: RJsIeWCUG1RL0zcj Game ID: Newt_1614208082 Your Inventory: Coins $ - 1533 gold pieces Weapons a - a blessed corroded +1 mace (weapon in hand) E - a blessed +1 elven dagger F - a blessed +1 mace S - 9 cursed +0 elven arrows T - 10 +0 darts Armor e - a +0 robe (being worn) n - a burnt +0 small shield (being worn) r - a +0 pair of iron shoes y - a +0 orcish helm (being worn) Comestibles d - a sprig of wolfsbane Scrolls w - 2 scrolls of enchant weapon x - a scroll of create monster G - a cursed scroll of enchant armor H - a cursed scroll of blank paper Spellbooks f - a spellbook of identify s - a spellbook of confuse monster I - a cursed spellbook of identify J - a cursed spellbook of healing Potions b - 4 potions of holy water K - 4 potions of unholy water L - a cursed potion of speed M - a cursed potion of restore ability Rings O - a cursed ring of free action Wands P - a cursed wand of striking (0:8) V - a wand of secret door detection (0:13) Tools h - a wooden flute Q - a skeleton key Gems z - 2 worthless pieces of yellow glass B - 3 worthless pieces of yellowish brown glass D - a cursed aquamarine stone N - a worthless piece of violet glass R - a cursed worthless piece of blue glass Y - a worthless piece of red glass Spells and supernatural/magical abilities: Name Level Category Fail Memory u - confuse monster 2 enchantment 31% 94% x - extra healing 3 healing 61% 89% I - identify 3 divination 66% 89% W - pray for help -- divine ? -- X - turn undead -- divine ? -- Your skills at the end: Fighting Skills Weapon Skills mace [Basic] Spellcasting Skills clerical spells [Basic] Final Attributes: You were piously aligned. You were sleep resistant. You had infravision. You are dead. Vanquished creatures: 2 bugbears a gray ooze a ghoul 3 rothes 2 werejackals 3 acid blobs 3 coyotes a gas spore 2 hobbits 4 manes 2 large kobolds 2 hobgoblins a yellow mold 2 green molds a red mold 2 garter snakes 2 geckos 6 jackals 2 goblins 6 sewer rats 5 grid bugs a lichen 3 newts 57 creatures vanquished. Voluntary challenges: You used a wielded weapon 54 times, starting on turn 2. You read items or engraved 3 times, starting on turn 975. You never genocided any monsters. You never polymorphed an object. You never changed form. You used no wishes. You never split a pudding. You never wrote Elbereth's name. You never violated your personal moral code. Dungeon overview: The Dungeons of Doom: levels 1 to 7 Level 1 a fountain a long staircase Level 2 a long staircase Level 3 (altar) an altar to Loki, a fountain Level 4 a fountain Level 5 Level 6 a throne Level 7 <- You were here History has recorded: On T:1 you entered the Dungeons of Doom to retrieve the Amulet of Yendor! On T:10 you reached level 3 of The Dungeons of Doom. On T:17 you reached level 2 of The Dungeons of Doom. On T:429 you advanced to experience level 2. On T:947 you advanced to experience level 3. On T:1210 you advanced to experience level 4. On T:1223 you reached level 4 of The Dungeons of Doom. On T:1488 you reached level 5 of The Dungeons of Doom. On T:1818 you reached level 6 of The Dungeons of Doom. On T:2164 you advanced to experience level 5. On T:2197 you reached level 7 of The Dungeons of Doom. Score breakdown: Gold: 1533 (10837 points) Experience: 5 levels (11141 points) Exploration: 7 levels ( 15.56%) (11078 points) Discoveries: 2 items ( 0.70%) ( 2508 points) Valuables value: (no points given unless you survive) Artifact value: 0 ( 0 points) Variety of kills: 23 monsters ( 6.04%) ( 7370 points) Turncount: 2238 turns ( -167 points) Survival: died (score multiplied by 80%) Total score: 34213 Latest messages: Welcome to experience level 5. You see here a gray ooze corpse. You are beginning to feel hungry. You stop running. There is a staircase down here. Please move the cursor to an unknown object. Never mind. There is a staircase up here. The door resists! (3x) The door opens. You stop. Qwerty is in the way! A giant spider blocks your way. You hit the giant spider. The giant spider bites! (2x) You miss the giant spider. The giant spider bites! You hit the giant spider! The giant spider bites! You hit the giant spider! The giant spider bites! You die... Final status: Goodbye Newt the Priest, killed by a giant spider... You died in The Dungeons of Doom on dungeon level 7 with 34213 points, and 1533 pieces of gold, after 2238 moves. You were level 5 with a maximum of 28 hit points when you died.